Map: Dragon Scales LE

Players

MacroMonster

  • Race: Zerg Zerg
  • League: Platinum
  • Spawn Location: 11:00

A.I. 1 (Very Easy) - Winner!

  • Race: Terran Terran
  • Spawn Location: 5:00

VOD

Have the link to the VOD?

Description

Time

  • Played on: April 20, 2025, 2:25 p.m.
  • Length: 10:13
Show
View Real Time Build Order
Export as new Build Order

MacroMonster Zerg 

Build Orders: Hatch First 

Get SALT Encoding   

  12  0:00  Drone  
  13  0:14  Overlord  
  13  0:16  Drone  
  14  0:32  Drone x2  
  16  0:48  Hatchery  
  15  0:51  Drone  
  15  0:55  Drone  
  17  0:57  Drone  
  18  1:09  Extractor  
  17  1:14  Spawning Pool  
  17  1:17  Drone  
  17  1:21  Drone  
  18  1:32  Drone  
  19  1:46  Drone  
  20  1:53  Drone  
  21  2:01  Queen x2  
  21  2:02  Zergling x4  
  27  2:21  Hatchery  
  26  2:26  Overlord  
  26  2:30  Metabolic Boost  
  26  2:35  Drone  
  27  2:43  Overlord  
  27  2:44  Drone  
  28  2:53  Drone x3  
  31  3:05  Queen  
  33  3:07  Drone  
  33  3:08  Drone  
  35  3:13  Drone x2  
  39  3:20  Drone x2  
  39  3:23  Drone  
  39  3:24  Drone  
  41  3:29  Overlord  
  41  3:32  Drone  
  41  3:34  Drone  
  43  3:42  Overlord x2  
  43  3:45  Zergling x2  
  44  3:49  Zergling x6  
  44  3:54  Drone x3  
  50  4:03  Overlord  
  50  4:04  Drone x3  
  53  4:11  Drone x2  
  53  4:15  Baneling Nest  
  53  4:16  Lair  
  54  4:19  Drone x2  
  56  4:28  Drone x6  
  62  4:33  Drone x4  
  62  4:35  Drone  
  67  4:41  Queen  
  67  4:44  Zergling x6  
  72  4:49  Drone x3  
  75  4:55  Overlord x2  
  78  5:00  Drone x6  
  78  5:01  Drone  
  82  5:07  Overlord x2  
  82  5:20  Hatchery  
  81  5:24  Drone x3, Evolution Chamber  
  81  5:25  Drone x7, Evolution Chamber  
  81  5:26  Drone  
  90  5:33  Centrifugal Hooks  
  90  5:36  Queen x2  
  90  5:41  Extractor  
  93  5:42  Extractor  
  93  5:43  Zergling x4  
  93  5:44  Zergling x10  
  99  5:53  Zergling x4  
  101  6:01  Overlord x2  
  101  6:03  Zerg Melee Weapons Level 1, Zerg Ground Armor Level 1  
  101  6:06  Extractor  
  101  6:07  Extractor  
  99  6:18  Zergling x2  
  99  6:19  Zergling x16  
  99  6:24  Baneling x4  
  99  6:25  Baneling x2  
  108  6:34  Hatchery  
  108  6:36  Hatchery  
  106  6:47  Hydralisk Den, Overlord  
  106  6:50  Overlord x2  
  105  7:00  Zergling x22  
  116  7:04  Zergling x4  
  118  7:16  Zergling x6  
  118  7:21  Hydralisk x6  
  133  7:23  Grooved Spines  
  133  7:28  Drone x3  
  136  7:33  Drone  
  136  7:34  Drone x2  
  136  7:35  Drone  
  140  7:39  Overlord x2  
  140  7:43  Hydralisk x3  
  146  7:48  Drone x6  
  146  7:49  Drone x2  
  154  8:00  Zergling x14  
  154  8:04  Baneling x23  
  161  8:06  Hydralisk  
  161  8:09  Zergling x2  
  161  8:10  Zergling x12  
  170  8:13  Muscular Augments  
  170  8:15  Overlord x2  
  170  8:25  Zergling x18  
  170  8:26  Zergling x2  
  180  8:28  Hatchery  
  180  8:31  Zergling x10  
  184  8:44  Hydralisk x7  
  184  8:45  Hatchery  
  184  8:47  Zergling x6  
  200  8:54  Infestation Pit  
  199  8:56  Extractor  
  198  9:08  Zergling x2  
  198  9:09  Zergling x2  
  200  9:38  Overseer  
Show
View Real Time Build Order
Export as new Build Order

A.I. 1 (Very Easy) Terran - Winner!

Build Orders:  

Get SALT Encoding   

  12  0:00  SCV  
  13  0:13  SCV  
  14  0:18  Supply Depot  
  14  0:36  Refinery  
  14  0:42  Barracks  
  14  1:05  Supply Depot  
  14  1:11  Refinery  
  14  1:29  Marine  
  14  1:30  SCV  
  16  1:42  SCV  
  17  1:54  SCV  
  18  2:03  Marine  
  18  2:06  SCV  
  20  2:18  SCV  
  21  2:30  SCV  
  22  2:38  Marine  
  22  2:43  Orbital Command  
  23  5:55  SCV, Marine  
  23  5:56  Supply Depot  
  25  5:59  Factory  
  25  6:18  SCV  
  26  6:20  Supply Depot  
  26  6:28  Barracks Tech Lab  
  26  6:30  SCV  
  24  6:42  SCV  
  24  6:44  Starport  
  24  6:46  Marine  
  26  6:47  Command Center  
  26  6:54  SCV  
  27  7:19  Marine  
  27  7:21  Starport Tech Lab  
  28  7:42  Raven  
  29  7:52  Marauder  
  31  8:00  SCV  
  32  8:07  SCV  
  32  8:10  Refinery  
  33  8:13  Refinery  
  33  8:14  SCV  
  33  8:16  Raven  
  36  8:21  SCV  
  36  8:24  Marine  
  38  8:29  SCV  
  39  8:36  SCV  
  40  8:43  SCV  
  41  8:50  SCV  
  42  8:58  SCV  
  43  9:05  SCV  
  44  9:12  SCV  
  45  9:19  SCV  
  46  9:26  SCV  
  47  9:33  SCV  
  48  9:40  SCV  
  49  9:48  SCV  
Tags
 
League
Platinum
Matchup
TvZ
Spawn Locations
Cross Positions
Add a new tag
Caveats
  • Supply blocks, unpowered buildings, or Contaminate may cause inaccurate times.
  • Supply counts are checked every 10 seconds.